 Dungeon Crawl Stone Soup version 0.25.1-4-g9407a263a5 (webtiles) character file.

Game seed: 8826559348901180223

52082 CrazyMind the Geomancer (level 14, -30/65 HPs)
             Began as a Spriggan Earth Elementalist on Nov 21, 2020.
             Was the Champion of Vehumet.
             Killed from afar by Jorgrun (54 damage)
             ... with an iron shot
             ... on level 1 of the Orcish Mines on Nov 28, 2020.
             The game lasted 03:22:22 (29994 turns).

CrazyMind the Geomancer (SpEE)                     Turns: 29994, Time: 03:22:23

Health: -30/65     AC:  7    Str:  4    XL:     14   Next: 25%
Magic:  40/42      EV: 26    Int: 20    God:    Vehumet [******]
Gold:   1274       SH:  8    Dex: 23    Spells: 10/41 levels left

rFire    . . .     SeeInvis +   X - +2 dagger (elec)
rCold    + . .     Gourm    .   m - +0 buckler
rNeg     . . .     Faith    .   V - +2 robe {rC+}
rPois    +         Spirit   .   q - +2 hat
rElec    .         Reflect  .   G - +0 cloak
rCorr    .         Harm     .   (gloves unavailable)
MR       ++...                  (boots unavailable)
Stlth    +++++.....             Y - amulet "Ithayh" {Acrobat rPois Dex+5}
HPRegen  0.20/turn              N - ring of magical power
MPRegen  0.28/turn              K - ring of wizardry

@: stab, very quick
A: very small, unfitting armour, see invisible, herbivore, speed 3, slow
metabolism 2
a: Renounce Religion


You were on level 1 of the Orcish Mines.
You worshipped Vehumet.
Vehumet was exalted by your worship.
You were not hungry.

You visited 4 branches of the dungeon, and saw 22 of its levels.
You also visited: Ossuary.

You collected 2105 gold pieces.
You spent 831 gold pieces at shops.

Inventory:

Hand Weapons
 r - a +3 short sword of draining
 O - a +0 short sword of venom
 R - a +2 dagger of freezing
 S - a +0 rapier
 T - a +2 dagger of venom
 W - a +2 dagger of distortion
 X - a +2 dagger of electrocution (weapon)
Missiles
 b - 145 stones
 h - 95 poisoned darts
 j - 40 boomerangs (quivered)
 k - 7 curare-tipped darts
Armour
 m - a +0 buckler (worn)
 q - a +2 hat (worn)
 G - a +0 cloak (worn)
 V - a +2 robe of cold resistance (worn)
Jewellery
 c - an uncursed ring of protection from fire
 f - an uncursed ring of resist corrosion
 u - an uncursed ring of protection from cold
 F - an uncursed ring of positive energy
 K - a ring of wizardry (right hand)
 N - a ring of magical power (left hand)
 P - an uncursed ring of ice
 Y - the amulet "Ithayh" (around neck) {Acrobat rPois Dex+5}
   (You bought it in a shop on level 11 of the Dungeon)

   [amulet of the acrobat]

   It helps you evade while moving and waiting.
   It affects your dexterity (+5).
   It protects you from poison.
Wands
 i - a wand of polymorph (9)
 y - a wand of paralysis (13)
 A - a wand of clouds (4)
 H - a wand of digging (15)
 M - a wand of acid (10)
 Z - a wand of iceblast (9)
Scrolls
 a - 10 scrolls of teleportation
 g - 2 scrolls of blinking
 l - 7 scrolls of remove curse
 n - a scroll of magic mapping
 t - a scroll of enchant weapon
 v - a scroll of amnesia
 I - a scroll of holy word
 J - a scroll of identify
 L - a scroll of fog
 Q - a scroll of fear
Potions
 e - 21 potions of curing
 o - 2 potions of flight
 p - 3 potions of magic
 s - 3 potions of stabbing
 w - 2 potions of lignification
 x - 9 potions of heal wounds
 z - 5 potions of might
 B - a potion of invisibility
 C - 2 potions of cancellation
 D - 2 potions of mutation
 E - a potion of haste
 U - a potion of brilliance
Comestibles
 d - 24 rations


   Skills:
 + Level 3.3 Fighting
 + Level 8.4 Short Blades
 + Level 8.3 Dodging
 + Level 10.9 Stealth
 * Level 5.6 Shields
 + Level 14.0 Spellcasting
 + Level 4.8 Conjurations
 - Level 5.0 Transmutations
 * Level 14.1 Earth Magic


You had 10 spell levels left.
You knew the following spells:

 Your Spells              Type           Power        Failure   Level  Hunger
a - Sandblast             Erth           ######       0%          1    None
b - Passwall              Tmut/Erth      ######..     1%          2    None
c - Stone Arrow           Conj/Erth      ######       1%          3    None
d - Lee's Rapid Deconstr  Erth           ######....   1%          5    ###....
e - Petrify               Tmut/Erth      ######..     1%          4    None
f - Iskenderun's Mystic   Conj/Tloc      ###.....     2%          4    None
g - Summon Butterflies    Summ           ##......     1%          1    None
h - Iron Shot             Conj/Erth      ######....   1%          6    #####..
i - Bolt of Magma         Conj/Fire/Erth #####.....   1%          5    ###....

Your spell library contained the following spells:

 Spells                   Type           Power        Failure   Level  Hunger
 Apportation              Tloc           ##....       1%          1    None
 Corona                   Hex            ##.....      1%          1    None
 Foxfire                  Conj/Fire      ###.         1%          1    None
 Conjure Flame            Conj/Fire      ###.....     1%          3    None
 Dazzling Flash           Conj/Hex       ###...       1%          3    None
 Inner Flame              Hex/Fire       ##......     1%          3    None
 Leda's Liquefaction      Hex/Erth       #####.....   1%          4    None
 Sticky Flame             Conj/Fire      ###.....     2%          4    None
 Ensorcelled Hibernation  Hex/Ice        ##....       3%          2    None
 Slow                     Hex            ##......     3%          2    None
 Borgnjor's Vile Clutch   Necr/Erth      #####.....   3%          5    ###....
 Confusing Touch          Hex            ##......     6%          3    None
 Lesser Beckoning         Tloc           ##........   6%          3    None
 Portal Projectile        Hex/Tloc       ##....       6%          3    None
 Tukima's Dance           Hex            ##......     6%          3    None
 Fireball                 Conj/Fire      ###.......   6%          5    ###....
 Yara's Violent Unravell  Hex/Tmut       ###.......   6%          5    ###....
 Cause Fear               Hex            ##........   21%         4    None
 Alistair's Intoxication  Tmut/Pois      ###.....     21%         5    ###....
 Silence                  Hex/Air        ##........   45%         5    ###....
 Darkness                 Hex            ##........   95%         6    #####..
 Invisibility             Hex            ##......     95%         6    #####..
 Shadow Creatures         Summ           N/A          95%         6    #####..
 Discord                  Hex            ##........   100%        8    #######


Dungeon Overview and Level Annotations

Branches:
Dungeon (13/15)            Temple (1/1) D:4            Lair (6/6) D:11
 Shoals (0/4) Lair:3       Spider (0/4) Lair:4          Orc (2/2) D:11
    Elf (0/3) Orc:2       Ossuary (visited)
  Slime: Lair:5-6    Vaults: D:13-14

Altars:
Ashenzari
Cheibriados
Dithmenos
Elyvilon
Fedhas
Gozag
Hepliaklqana
Kikubaaqudgha
Makhleb
Nemelex Xobeh
Okawaru
Qazlal
Ru
Sif Muna
Trog
Uskayaw
Vehumet
Wu Jian
Xom
Yredelemnul
Zin
The Shining One

Shops:
D:11 =   Orc:1 *

Annotations:
D:13 Erolcha
Lair:4 exclusion: downstairs
Lair:5 exclusions: downstairs and oklob plant
Lair:6 2 runed translucent doors
Orc:1 Jorgrun
Orc:2 2 runed translucent doors, exclusions: orange crystal statue and 1 more exclusion


Innate Abilities, Weirdness & Mutations

You are very small and have problems with some larger weapons.
You are too small for most types of armour.
You have supernaturally acute eyesight. (SInv)
You are a herbivore.
You cover ground extremely quickly.
You need to consume almost no food.


Message History

Jorgrun says, "'tis place shall be yer tomb!"
You block Jorgrun's attack.
Casting: Sandblast (safe; 0% risk of failure)
Confirm with . or Enter, or press ? or * to list all spells.
Aiming: Sandblast (safe; 0% risk of failure)
Press: ? - help, Shift-Dir - straight line, f/p - Jorgrun
Aim: Jorgrun, wielding a +0 vorpal quarterstaff and wearing a +0 robe (almost dead)
The blast of sand misses Jorgrun.
b - 145 stones Jorgrun hits you with a +0 vorpal quarterstaff!!
* * * LOW HITPOINT WARNING * * *
x2
Press: ? - help, v - describe, . - travel
Here: Jorgrun, wielding a +0 vorpal quarterstaff and wearing a +0 robe (almost dead)
The floor, spattered with blood.
Unknown command.
You feel much better.
Jorgrun points at you and mumbles some strange words.
The iron shot hits you!!!
Ouch! That really hurt!
You die...

#.....>...)...####
#......#.........##
###.......#.........#
#........##........##
####....##.........#
#......#......#.##
####........#####
##......## #@.....##
#g.....# ##.#..##
######


You could see Jorgrun.

Vanquished Creatures
  Josephine (Lair:5)
  11 hydras
  4 two-headed ogres
  An orc high priest (Orc:2)
  A fire crab (Lair:6)
  An unseen horror (D:10)
  2 orc knights
  A deep elf mage (D:10)
  A faun (Lair:5)
  5 ugly things
  A manticore (D:12)
  5 black mambas
  A torpor snail (Lair:2)
  2 molten gargoyles (Lair:6)
  Psyche (D:10)
  Maggie (D:6)
  15 komodo dragons
  5 spiny frogs
  3 rime drakes
  A kobold demonologist (D:13)
  3 trolls
  A polar bear (Lair:5)
  5 blink frogs
  2 dream sheep (D:10)
  5 hippogriffs
  A redback (Lair:4)
  Sigmund (D:6)
  A vampire (D:12)
  5 wyverns
  8 basilisks
  5 wraiths (Lair:5)
  22 yaks
  3 vampire mosquitoes (D:13)
  A steam dragon (D:12)
  3 wargs (Orc:1)
  6 water moccasins
  A soldier ant (D:12)
  3 hell hounds (Lair:6)
  20 orc warriors
  9 porcupines
  2 ice beasts
  A necrophage (D:8)
  2 sky beasts
  6 ogres
  2 phantoms (D:8)
  2 black bears
  42 wolves
  5 centaurs
  5 big kobolds
  12 crocodiles
  2 elf zombies (Ossuary)
  11 bullfrogs
  A wyvern skeleton (D:11)
  8 scorpions
  5 wights (D:6)
  11 killer bees
  A howler monkey (D:4)
  7 crimson imps
  4 centaur zombies
  5 lava snakes (Lair:6)
  5 jellies
  A bullfrog zombie (D:11)
  9 orc priests
  A centaur skeleton (D:7)
  6 hounds
  Jessica (D:3)
  22 orc wizards
  5 iguanas
  8 hell rats
  8 worker ants
  3 big kobold zombies (Ossuary)
  A hound zombie (D:7)
  A hound skeleton (D:5)
  2 mummies (Ossuary)
  A worker ant zombie (D:10)
  6 adders
  6 gnolls
  A howler monkey skeleton (D:9)
  22 river rats (Lair:2)
  A shadow imp (D:9)
  An ooze (D:7)
  An adder zombie (D:5)
  2 dart slugs
  3 worms
  4 leopard geckos
  90 orcs
  8 bats
  6 giant cockroaches
  6 goblins
  3 hobgoblins
  2 jackals (D:1)
  11 quokkas
  7 ball pythons
  11 frilled lizards
  3 goblin zombies
  10 hobgoblin zombies (Ossuary)
  A jackal skeleton (D:9)
  14 kobolds
  10 kobold zombies (Ossuary)
  A leopard gecko zombie (D:5)
  8 orc zombies (Ossuary)
  A quokka zombie (D:5)
  12 rats
  A butterfly (Lair:6)
628 creatures vanquished.

Vanquished Creatures (others)
  Fannar (D:10)
  6 fungi
  A plant (D:11)
8 creatures vanquished.

Grand Total: 636 creatures vanquished

Notes
Turn   | Place    | Note
-------+----------+-------------------------------------------
     0 | D:1      | CrazyMind the Spriggan Earth Elementalist began the quest
                  | for the Orb.
     0 | D:1      | Reached XP level 1. HP: 9/9 MP: 5/5
   297 | D:1      | Reached XP level 2. HP: 13/13 MP: 2/6
   301 | D:1      | Learned a level 2 spell: Passwall
  1290 | D:2      | Reached XP level 3. HP: 16/16 MP: 3/8
  1637 | D:2      | Learned a level 3 spell: Stone Arrow
  2082 | D:3      | Reached XP level 4. HP: 21/21 MP: 7/11
  2121 | D:3      | Found a faded altar of an unknown god.
  2217 | D:3      | Reached XP level 5. HP: 24/24 MP: 7/12
  2314 | D:3      | Noticed Jessica
  2328 | D:3      | Killed Jessica
  2328 | D:3      | Reached skill level 1 in Short Blades
  2339 | D:3      | Identified Jessica's Tome of Beguiling
  2843 | D:4      | Noticed an ogre
  2990 | D:4      | Reached skill level 5 in Spellcasting
  3029 | D:4      | Killed an ogre
  3029 | D:4      | Reached XP level 6. HP: 28/28 MP: 15/15
  3188 | D:4      | Found a staircase to the Ecumenical Temple.
  3192 | Temple   | Entered the Ecumenical Temple
  3271 | Temple   | Became a worshipper of Vehumet
  3646 | D:5      | Entered Level 5 of the Dungeon
  3661 | D:5      | Reached skill level 5 in Earth Magic
  3692 | D:5      | Noticed a sky beast
  3735 | D:5      | Found a hide-covered altar of Uskayaw.
  3765 | D:5      | Found an ancient bone altar of Kikubaaqudgha.
  3776 | D:5      | Found a sand-covered staircase.
  3783 | Ossuary  | Entered an ossuary
  3953 | Ossuary  | Reached * piety under Vehumet
  3953 | Ossuary  | Offered knowledge of Freeze by Vehumet.
  4228 | Ossuary  | Reached XP level 7. HP: 32/32 MP: 11/16
  5150 | D:6      | Noticed Maggie
  5238 | D:6      | Offered knowledge of Foxfire by Vehumet.
  5240 | D:6      | Reached ** piety under Vehumet
  5295 | D:5      | Reached XP level 8. HP: 37/37 MP: 19/19
  5613 | D:6      | Noticed Sigmund
  5747 | D:7      | Reached skill level 1 in Fighting
  5813 | D:6      | Learned a level 2 spell: Ensorcelled Hibernation
  5820 | D:6      | Learned a level 5 spell: Lee's Rapid Deconstruction
  5935 | D:6      | Reached skill level 5 in Dodging
  6390 | D:6      | Offered knowledge of Inner Flame by Vehumet.
  6571 | D:6      | Killed Maggie
  6571 | D:6      | Reached XP level 9. HP: 41/41 MP: 10/22
  6644 | D:6      | Found a bloodstained altar of Trog.
  6724 | D:6      | Killed Sigmund
  6724 | D:6      | Reached skill level 1 in Conjurations
  7215 | D:8      | Noticed a two-headed ogre
  7268 | D:7      | Reached *** piety under Vehumet
  7833 | D:8      | Offered knowledge of Conjure Flame by Vehumet.
  8387 | D:8      | Reached skill level 5 in Short Blades
  8593 | D:8      | Killed a two-headed ogre
  8593 | D:8      | Reached XP level 10. HP: 46/46 MP: 24/24
  8730 | D:8      | Reached skill level 10 in Spellcasting
  8938 | D:8      | Upgraded the game from 0.25.1-3-ge44b62a0b3 to
                  | 0.25.1-4-g9407a263a5
  9104 | D:9      | Learned a level 4 spell: Petrify
  9198 | D:9      | Found a shimmering blue altar of Sif Muna.
  9640 | D:9      | Reached **** piety under Vehumet
 10034 | D:10     | Entered Level 10 of the Dungeon
 10047 | D:10     | Reached skill level 10 in Earth Magic
 10203 | D:10     | Noticed Fannar
 10363 | D:10     | Offered knowledge of Static Discharge by Vehumet.
 10377 | D:10     | Noticed Psyche
 10423 | D:10     | Found a burning altar of Makhleb.
 11086 | D:10     | Noticed a deep elf mage
 11823 | D:10     | Noticed a two-headed hydra
 11874 | D:10     | Killed a two-headed hydra
 11997 | D:10     | Killed a deep elf mage
 11997 | D:10     | Reached XP level 11. HP: 51/51 MP: 27/27
 12176 | D:11     | Noticed an unseen horror
 12318 | D:10     | Killed an unseen horror
 12397 | D:11     | Noticed a two-headed ogre
 12952 | D:11     | Killed a two-headed ogre
 13041 | D:11     | Noticed a purple ugly thing
 13041 | D:11     | Noticed a seven-headed hydra
 13063 | D:11     | Found a staircase to the Orcish Mines.
 13132 | D:11     | Found Zunlivir's Jewellery Shoppe.
 13187 | D:11     | Noticed a red ugly thing
 13310 | D:12     | Noticed a two-headed ogre
 13370 | D:12     | Noticed a brown ugly thing
 13743 | D:10     | Killed Fannar
 13862 | D:10     | Killed Psyche
 14003 | D:11     | Killed a seven-headed hydra
 14003 | D:11     | Reached skill level 1 in Shields
 14127 | D:10     | Killed a purple ugly thing
 14291 | D:11     | Killed a purple ugly thing
 14366 | D:11     | Reached ***** piety under Vehumet
 14408 | D:11     | Found a staircase to the Lair.
 14513 | Orc:1    | Entered Level 1 of the Orcish Mines
 14519 | Orc:1    | Offered knowledge of Iskenderun's Mystic Blast by Vehumet.
 14525 | Orc:1    | Learned a level 4 spell: Iskenderun's Mystic Blast
 14554 | Orc:1    | Noticed an orc knight
 14638 | D:11     | Killed an orc knight
 14794 | D:11     | Bought the amulet "Ithayh" {Acrobat rPois Dex+5} for 775
                  | gold pieces
 14843 | Lair:1   | Entered Level 1 of the Lair of Beasts
 15292 | Lair:1   | Reached XP level 12. HP: 20/56 MP: 23/28
 16529 | Lair:1   | Reached skill level 5 in Stealth
 17701 | Lair:2   | Noticed an eight-headed hydra
 17851 | Lair:2   | Killed an eight-headed hydra
 18013 | Lair:2   | Learned a level 1 spell: Summon Butterflies
 18473 | Lair:3   | Found a gate leading to a gauntlet.
 18938 | Lair:3   | Found a staircase to the Shoals.
 19432 | Lair:4   | Found a hole to the Spider Nest.
 19549 | Lair:4   | Offered knowledge of Iron Shot by Vehumet.
 19557 | Lair:4   | Learned a level 6 spell: Iron Shot
 20844 | Lair:5   | Noticed a six-headed hydra
 20861 | Lair:5   | Noticed a seven-headed hydra
 20872 | Lair:5   | Killed a seven-headed hydra
 21111 | Lair:5   | Reached XP level 13. HP: 60/60 MP: 27/30
 21443 | Lair:5   | Noticed Josephine
 22719 | Lair:5   | Killed Josephine
 22768 | Lair:6   | Entered Level 6 of the Lair of Beasts
 24373 | Lair:6   | Reached skill level 5 in Transmutations
 24925 | Lair:6   | Offered knowledge of Bolt of Magma by Vehumet.
 24936 | Lair:6   | Learned a level 5 spell: Bolt of Magma
 24995 | Lair:6   | Reached skill level 5 in Shields
 25081 | Lair:6   | Found a large runed translucent door.
 25167 | Lair:6   | Reached skill level 10 in Stealth
 25278 | Lair:6   | Found a large runed translucent door.
 25319 | Lair:6   | Noticed a fire dragon
 26549 | D:12     | Reached XP level 14. HP: 65/65 MP: 32/32
 27402 | D:13     | Noticed Erolcha
 28473 | Orc:1    | Found Kaazuk's Assorted Antiques.
 28492 | Orc:1    | Bought a scroll of identify for 56 gold pieces
 28737 | Orc:2    | Entered Level 2 of the Orcish Mines
 29364 | Orc:2    | Reached ****** piety under Vehumet
 29665 | Orc:2    | Found a staircase to the Elven Halls.
 29792 | Orc:2    | Found a runed translucent door.
 29822 | Orc:2    | Found the +10 tower shield of Ignorance {rN+ Int-4}
 29827 | Orc:2    | Found a runed translucent door.
 29968 | Orc:1    | Noticed Jorgrun
 29994 | Orc:1    | Killed from afar by Jorgrun

Illustrated notes

Levels and vault maps discovered:
D:1:      minmay_arrival_nine_rooms, layout_basic, minmay_lizard_pond
D:2:      layout_rooms
D:3:      layout_basic, first_ration, chequers_ecumenical_altar_simple_redux,
          kennysheep_jessica_study
D:4:      layout_basic, minmay_temple_entry_ruins
D:5:      layout_rooms, overflow_temple_1_default, enter_ossuary_4,
          lemuel_altar_in_water
D:6:      minmay_thick_lines, layout_loops_cross, basic_altar, uniq_sigmund,
          uniq_maggie
D:7:      layout_rooms
D:8:      layout_gridville
D:9:      layout_loops_corners, basic_altar
D:10:     layout_long_grid, basic_altar, hangedman_ranch
          [blue_anna_fruit_fields], uniq_psyche, uniq_fannar
D:11:     layout_rooms, david_lair_shrubbed, hiddenorc1_lemuel, serial_shops,
          shop_fountains
D:12:     layout_grid_maze
D:13:     layout_small_grid, uniq_erolcha
Temple:   compressed_dpeg_circular_temple
Lair:1:   layout_small_grid, grunt_megastairs_1
Lair:2:   lemuel_ratsnest, layout_chaotic_city
Lair:3:   layout_cave_pods, elwin_shoals_entry_rocks, gauntlet_entry_generic
Lair:4:   layout_loops_ring, spider_nest_entry_a, infiniplex_staircase_pool
Lair:5:   layout_gridlike, minmay_slime_entry_oklob_enclosed,
          grunt_forest_large_clearings, uniq_josephine
Lair:6:   cheibrodos_lair_end_hotspot, layout_gridlike, ldierk_geyser,
          lemuel_fruit_fields
Orc:1:    layout_diamond_mine, serial_shops, nicolae_shop_crystal, uniq_jorgrun
Orc:2:    st_orc_elflike, layout_diamond_mine, nicolae_orc_stony_grotto,
          chequers_guarded_unrand_ignorance

Skill      XL: |  1  2  3  4  5  6  7  8  9 10 11 12 13 14 |
---------------+-------------------------------------------+-----
Earth Magic    | 3 4 5 6 8 9 10 11 12 13 14 | 14.1
Spellcasting   | 3 4 5 6 8 9 11 12 13 14 | 14.0
Short Blades   | 1 2 3 5 6 7 8 |  8.4
Dodging        | 4 5 6 7 8 |  8.3
Fighting       | 1 2 3 |  3.3
Conjurations   | 1 2 3 4 |  4.8
Transmutations | 2 3 4 5 |  5.0
Stealth        | 4 7 10 | 10.9
Shields        | 2 3 5 |  5.6

Action                   |  1- 3 |  4- 6 |  7- 9 | 10-12 | 13-15 || total
-------------------------+-------+-------+-------+-------+-------++-------
Melee: Dagger            |    34 |       |       |    69 |   402 ||   505
       Short sword       |     9 |   133 |   215 |   463 |       ||   820
Throw: Boomerang         |     6 |     9 |     3 |       |     3 ||    21
       Dart              |       |    14 |    73 |    60 |       ||   147
 Cast: Sandblast         |    52 |    44 |    99 |    65 |    40 ||   300
       Passwall          |       |     1 |     1 |     9 |     7 ||    18
       Stone Arrow       |       |       |    35 |   253 |   180 ||   468
       Petrify           |       |       |       |    26 |    61 ||    87
       Iron Shot         |       |       |       |     2 |     5 ||     7
       Lee's Rapid Decon |       |       |       |     2 |     1 ||     3
  Use: Scroll            |       |    12 |     8 |     8 |     7 ||    35
       Potion            |       |       |     1 |     1 |     5 ||     7
 Stab: Sleeping          |     2 |     9 |    13 |    24 |    22 ||    70
       Distracted        |       |       |     1 |     2 |     3 ||     6
       Petrified         |       |       |       |    24 |    51 ||    75
       Petrifying        |       |       |       |     4 |     9 ||    13
  Eat: Ration            |       |       |     2 |     7 |     5 ||    14
Armor: Robe              |     7 |    21 |    11 |     6 |    10 ||    55
       Steam dragon scal |       |       |    13 |    41 |       ||    54
Dodge: Dodged            |    63 |   101 |   202 |   366 |   210 ||   942
Block: Buckler           |       |       |       |    39 |   101 ||   140
